 Dungeon Crawl Stone Soup version 0.19-a0-1019-g9c6a58d (webtiles) character file.

191 Liquid the Chopper (level 5, -7/48 HPs)
             Began as a Hill Orc Fighter on July 26, 2016.
             Mangled by an orc warrior
             ... wielding a +0 battleaxe
              (24 damage)
             ... on level 3 of the Dungeon.
             The game lasted 00:05:59 (1748 turns).

Liquid the Chopper (Hill Orc Fighter)               Turns: 1748, Time: 00:05:59

Health: -7/48      AC: 12    Str: 25    XL:     5   Next: 70%
Magic:  5/5        EV:  5    Int:  8    God:
Gold:   120        SH:  9    Dex: 10    Spells: 0 memorised, 4 levels left

rFire  . . .     SeeInvis .     a - +0 war axe
rCold  . . .     Gourm    .     g - +0 chain mail
rNeg   . . .     Faith    .     c - +0 shield
rPois  .         Spirit   .     q - +1 helmet
rElec  .         Dismiss  .     (no cloak)
rCorr  .         Reflect  .     (no gloves)
SustAt .         Harm     .     w - +0 pair of boots
MR     .....                    (no amulet)
Stlth  ..........               (no ring)
                                (no ring)

@: mighty, not resistant to hostile enchantments, extremely unstealthy
A: no striking features
a: no special abilities


You were on level 3 of the Dungeon.
You were not hungry.

You visited 1 branch of the dungeon, and saw 3 of its levels.

You collected 120 gold pieces.

Inventory:

Hand Weapons
 a - a +0 war axe (weapon)
Missiles
 u - a throwing net (quivered)
Armour
 c - a +0 shield (worn)
 g - a +0 chain mail (worn)
 q - a +1 helmet (worn)
 w - a +0 pair of boots (worn)
Jewellery
 r - an uncursed ring of stealth {unknown}
Wands
 o - a wand of slowing (39/48)
Scrolls
 e - 2 scrolls of magic mapping
 j - a scroll of enchant armour
 k - 6 scrolls of remove curse
 l - a scroll of teleportation
Potions
 h - a potion of heal wounds
 n - a potion of mutation {unknown}
 p - a potion of degeneration
 x - a potion of cancellation {unknown}
 z - a potion of beneficial mutation {unknown}
 A - a potion of curing {unknown}
Comestibles
 b - 3 chunks of flesh
 f - 4 bread rations
 i - 3 fruits
 m - a royal jelly
 s - 2 slices of pizza
 t - a beef jerky
 v - 2 meat rations


   Skills:
 + Level 5.4 Fighting
 * Level 6.1 Axes
 - Level 3.2 Armour
 - Level 3.2 Shields


You had 4 spell levels left.
You didn't know any spells.

Dungeon Overview and Level Annotations

Branches:
Dungeon (3/15)

Altars:
Hepliaklqana


Message History

You closely miss the orc.
You feel very mighty all of a sudden.
The orc warrior hits you with a battleaxe!
You closely miss the orc warrior.
The orc warrior hits you but does no damage.
You hit the orc warrior.
The orc warrior is lightly wounded.
You block the orc warrior's attack.
You hit the orc warrior.
The orc warrior is moderately wounded.
The orc warrior barely misses you.
Your chain mail prevents you from hitting the orc warrior.
The orc warrior is moderately wounded.
You block the orc warrior's attack.
An orc comes into view.
You hit the orc warrior.
The orc warrior is heavily wounded.
The orc warrior hits you with a battleaxe!!
Ouch! That really hurt!
You die...

#.###############.#
*,*
#.#..(............#
*,*
..#.###############
**,** ###.#
******,,,* #.#
*,,,,,,,,* #.#
*,****,,,* #.# *,#
*****
#.##############o#
#.............@oo#
################.#
### ***** *,# ..#
**,,,** *,*
#[####.***,* *,*
<(.....* *,* *,*
..####.***,* *,*
..# **,,,** *,* ..#
**,** *,*


You could see an orc warrior and 2 orcs.

Vanquished Creatures
  An orc priest (D:3)
  Jessica (D:2)
  Robin (D:2)
  4 adders
  An ooze (D:1)
  3 worms
  2 dart slugs
  A giant gecko (D:1)
  3 orcs (D:3)
  4 giant cockroaches
  11 goblins
  7 hobgoblins
  5 kobolds
  2 quokkas (D:2)
  A ball python (D:2)
  8 bats
  4 giant newts
  14 rats
73 creatures vanquished.

Notes
Turn   | Place    | Note
-------+----------+-------------------------------------------
     0 | D:1      | Liquid the Hill Orc Fighter began the quest for the Orb.
     0 | D:1      | Reached XP level 1. HP: 19/19 MP: 1/1
    57 | D:1      | Reached skill level 3 in Axes
    59 | D:1      | Reached XP level 2. HP: 11/27 MP: 2/2
   336 | D:1      | Reached skill level 4 in Axes
   345 | D:1      | Reached XP level 3. HP: 33/33 MP: 3/3
   596 | D:2      | Noticed Robin
   602 | D:2      | Killed Robin
   672 | D:2      | Reached XP level 4. HP: 30/41 MP: 4/4
  1058 | D:2      | Noticed Jessica
  1066 | D:2      | Killed Jessica
  1066 | D:2      | Reached skill level 5 in Fighting
  1066 | D:2      | Reached skill level 5 in Axes
  1076 | D:2      | Identified Jessica's Volume of Talismans
  1172 | D:3      | Reached XP level 5. HP: 26/48 MP: 5/5
  1224 | D:3      | Found a hazy altar of Hepliaklqana.
  1739 | D:3      | Reached skill level 6 in Axes
  1741 | D:3      | Noticed an orc warrior
  1748 | D:3      | Mangled by an orc warrior

Vault maps used:
D:1:      evilmike_arrival_fibonacci_small
D:2:      kennysheep_jessica_study, uniq_robin
D:3:      lemuel_doored_altar, first_bread

Skill      XL: |  1  2  3  4  5 |
---------------+----------------+-----
Axes           | 3 4 5 6 |  6.1
Fighting       | 4 5 |  5.4
Armour         | |  3.2
Shields        | |  3.2

Action                   |  1- 3 |  4- 6 || total
-------------------------+-------+-------++-------
Melee: War axe           |    95 |   139 ||   234
  Use: Scroll            |       |     9 ||     9
       Potion            |       |     1 ||     1
  Eat: Chunk             |       |     3 ||     3
Armor: Scale mail        |     4 |       ||     4
       Chain mail        |    49 |    83 ||   132
Dodge: Dodged            |    18 |    28 ||    46
Block: Shield            |    64 |    69 ||   133
